 Dungeon Crawl Stone Soup version 0.30-a0-824-g6c64550be9 (webtiles) character file.

Game seed: 6584337796666266234

3709 cforsyth the Covert (level 10, -6/57 HPs)
             Began as a Kobold Brigand on Feb 27, 2023.
             Was a Follower of Hepliaklqana.
             Mangled by a wolf (8 damage)
             ... on level 8 of the Dungeon.
             The game lasted 00:13:52 (8564 turns).

cforsyth the Covert (Kobold Brigand)                Turns: 8564, Time: 00:13:53

Health: -6/57      AC:  6    Str:  8    XL:     10   Next: 36%
Magic:  10/10      EV: 21    Int: 13    God:    Hepliaklqana [*.....]
Gold:   446        SH:  0    Dex: 21    Spells: 9/9 levels left

rFire   + . .      SeeInvis .    q - +2 dagger (speed)
rCold   . . .      Faith    .    (no shield)
rNeg    . . .      Spirit   .    b - +0 robe
rPois   .          Reflect  .    h - +1 helmet
rElec   .          Harm     .    c - +0 cloak
rCorr   .          Rampage  .    u - +0 pair of gloves
Will    .....                    (no boots)
Stlth   ++++++                   (no amulet)
HPRegen 0.29/turn                m - ring of protection from fire
MPRegen 0.12/turn                (no ring)

@: no status effects
A: reduced essence, small, no large weapons, nightstalker 3
a: Renounce Religion, Recall Ancestor, Ancestor Identity


You were on level 8 of the Dungeon.
You worshipped Hepliaklqana.
Hepliaklqana was aware of your devotion.
You visited 2 branches of the dungeon, and saw 9 of its levels.
You also visited: Ossuary.

You collected 446 gold pieces.

Inventory:

Hand Weapons
 a - a +2 dagger of freezing
 q - a +2 dagger of speed (weapon)
Missiles
 d - 25 poisoned darts (quivered)
 e - 3 curare-tipped darts
 o - 2 atropa-tipped darts
 A - a throwing net
Armour
 b - a +0 robe (worn)
 c - a +0 cloak (worn)
 h - a +1 helmet (worn)
 u - a +0 pair of gloves (worn)
Jewellery
 f - an amulet of reflection
 m - a ring of protection from fire (left hand)
 y - a ring of resist corrosion
 D - a ring of see invisible
 J - an amulet of regeneration
 L - a +4 ring of protection
Wands
 t - a wand of flame (18)
Scrolls
 g - a scroll of fear
 i - a scroll of enchant armour
 k - a scroll of fog
 w - 3 scrolls of identify
 x - 3 scrolls of vulnerability
 G - a scroll of silence
Potions
 j - 2 potions of brilliance
 l - 6 potions of curing
 n - 3 potions of degeneration
 p - 4 potions of lignification
 r - a potion of cancellation
 s - 3 potions of heal wounds
 v - 2 potions of ambrosia
 z - a potion of haste {unknown}
 B - a potion of resistance {unknown}
 C - a potion of attraction {unknown}
 I - 2 potions of mutation {unknown}
 K - 2 potions of flight


   Skills:
 + Level 8.1 Fighting
 + Level 9.7 Short Blades
 - Level 2.1 Throwing
 + Level 8.6 Dodging
 + Level 11.5 Stealth


You had 9 spell levels left.
You didn't know any spells.
Your spell library contained the following spells:

 Spells                   Type           Power      Damage    Failure   Level
 Blink                    Tloc           0%         N/A       43%         2
 Lesser Beckoning         Tloc           0%         N/A       43%         2
 Momentum Strike          Conj/Tloc      0%         3d8       43%         2
 Summon Lightning Spire   Summ/Air       0%         N/A       97%         4
 Storm Form               Tmut/Air       0%         N/A       100%        7
 Maxwell's Capacitive Co  Air            0%         ∞         100%        8


Dungeon Overview and Level Annotations

Branches:
Dungeon (8/15)             Temple (1/1) D:6            Lair (0/5) D:8
Ossuary (visited)

Altars:
Ashenzari
Cheibriados
Elyvilon
Fedhas
Gozag
Hepliaklqana
Kikubaaqudgha
Makhleb
Nemelex Xobeh
Okawaru
Qazlal
Sif Muna
Trog
Uskayaw
Xom
Yredelemnul
Zin
The Shining One

Shops:
D:4 *   D:7 [

Annotations:
D:7 2 transporters, F1ng0rz's ghost, novice VSFi


Innate Abilities, Weirdness & Mutations

Your life essence is reduced to manifest your ancestor. (-10% HP)
You are small and have problems with some larger weapons.
You are completely attuned to the shadows.


Message History

The icy flash freeze hits you!!
You are encased in ice.
The wolf closely misses you. The wolf barely misses you.
The rime drake completely misses you. The wolf misses you. x2
The rime drake closely misses you. The wolf bites you!
You are too injured to fight recklessly!
You are too injured to fight recklessly!
You are too injured to fight recklessly!
You are too injured to fight recklessly!
You are too injured to fight recklessly!
You are too injured to fight recklessly!
You are too injured to fight recklessly!
You are too injured to fight recklessly!
You are too injured to fight recklessly!
You are too injured to fight recklessly!
You are too injured to fight recklessly!
You are too injured to fight recklessly!
You are too injured to fight recklessly!
The rime drake attacks as you move away!
The rime drake misses you. The wolf attacks as you move away!
The wolf misses you.
The wolf bites Zimri-Dagan!
An ice beast comes into view. x2
The rime drake misses Zimri-Dagan.
The wolf bites you but does no damage.
Zimri-Dagan hits the rime drake but does no damage.
A polar bear comes into view.
The rime drake bites Zimri-Dagan.
The wolf closely misses you.
Zimri-Dagan hits the rime drake.
The wolf bites you. x2
The ice beast attacks as you move away! The ice beast misses you.
The wolf attacks as you move away! The wolf bites you.
The ice encasing you melts away. The wolf closely misses you.
The wolf closely misses you. The ice beast attacks as you move away!
The ice beast hits you. The ice beast freezes you!
* * * LOW HITPOINT WARNING * * *
The wolf attacks as you move away! The wolf bites you!
* * * LOW HITPOINT WARNING * * *
The wolf bites you!
You die...

....#......###.##
...........##...#.
~~.........#.....#.
~≈............h....
≈~..........R....#
....#.....###....#
..........###.R#.
...#....#.#h..##
.........@hYk...
...~[.....Y..#...
.~~..............
..~....#........
~.....##.#.....
~.....##.....#
~......###..[


You could see the friendly Zimri-Dagan the ancestor, a rime drake (ally target),
2 ice beasts and 2 wolves.

Vanquished Creatures
  Joseph (D:7)
  A water moccasin (D:5)
  2 sky beasts
  4 black bears
  6 ice beasts
  An ogre (D:6)
  A wolf (D:8)
  A centaur (D:7)
  A kobold brigand (D:7)
  3 bullfrogs
  A necrophage (D:6)
  7 scorpions
  4 centaur zombies (Ossuary)
  5 orc priests
  3 hounds
  4 human zombies (Ossuary)
  5 jellies
  4 iguanas
  2 orc wizards (D:7)
  3 mummies (Ossuary)
  4 gnolls
  6 adders
  5 white imps
  7 adder zombies (Ossuary)
  A worm (D:3)
  3 dart slugs
  27 orcs
  9 bats
  6 endoplasms
  5 giant cockroaches
  3 gnoll zombies (Ossuary)
  2 goblins (D:1)
  4 hobgoblins
  4 quokkas
  6 ball pythons
  A frilled lizard (D:3)
  3 goblin zombies (Ossuary)
  4 hobgoblin zombies (Ossuary)
  10 kobolds
  2 kobold zombies (Ossuary)
  An orc zombie (Ossuary)
  6 quokka zombies
  5 rats
  4 rat zombies (Ossuary)
187 creatures vanquished.

Vanquished Creatures (collateral kills)
  A bullfrog (D:7)
  A scorpion (D:7)
2 creatures vanquished.

Grand Total: 189 creatures vanquished

Notes
Turn   | Place    | Note
-------+----------+-------------------------------------------
     0 | D:1      | cforsyth the Kobold Brigand began the quest for the Orb.
     0 | D:1      | Reached XP level 1. HP: 12/12 MP: 1/1
   109 | D:1      | Reached XP level 2. HP: 12/18 MP: 2/2
   282 | D:1      | Reached XP level 3. HP: 22/22 MP: 3/3
   980 | D:2      | Reached XP level 4. HP: 27/27 MP: 4/4
  1165 | D:2      | Found a faded altar of an unknown god.
  1169 | D:2      | Reached skill level 6 in Stealth
  1591 | D:3      | Reached XP level 5. HP: 32/32 MP: 5/5
  1605 | D:3      | Noticed an ice beast
  2064 | D:3      | Found a snail-covered altar of Cheibriados.
  2325 | D:4      | Found Zin's Purification Station.
  2327 | D:4      | Found a glowing silver altar of Zin.
  2391 | D:4      | Found a sand-covered staircase.
  2397 | Ossuary  | Entered an ossuary
  2505 | Ossuary  | Reached XP level 6. HP: 21/38 MP: 6/6
  2698 | Ossuary  | Reached skill level 7 in Stealth
  2790 | Ossuary  | Reached skill level 5 in Short Blades
  2790 | Ossuary  | Reached XP level 7. HP: 43/43 MP: 7/7
  3733 | D:5      | Entered Level 5 of the Dungeon
  3786 | D:5      | Noticed a water moccasin
  3790 | D:5      | Reached skill level 8 in Stealth
  3790 | D:5      | Reached XP level 8. HP: 48/48 MP: 8/8
  3792 | D:5      | Reached skill level 5 in Fighting
  3792 | D:5      | Reached skill level 5 in Dodging
  5487 | D:6      | Reached skill level 9 in Stealth
  5520 | D:6      | Reached XP level 9. HP: 24/55 MP: 9/9
  5938 | D:6      | Found a staircase to the Ecumenical Temple.
  6090 | Temple   | Entered the Ecumenical Temple
  6095 | Temple   | Became a worshipper of Hepliaklqana the Forgotten
  6739 | D:6      | Reached skill level 10 in Stealth
  7483 | D:7      | Noticed Joseph
  7487 | D:7      | Killed Joseph
  7499 | D:7      | Found a shimmering blue altar of Sif Muna.
  7533 | D:7      | Noticed a centaur warrior
  7535 | D:7      | Noticed a troll
  7538 | D:7      | Found a transporter.
  7538 | D:7      | Noticed F1ng0rz's ghost (novice VSFi)
  7598 | D:7      | Reached XP level 10. HP: 63/63 MP: 10/10
  7619 | D:7      | Found a transporter.
  7910 | D:7      | Found Vugaaxt's Armour Boutique.
  7994 | D:7      | Reached * piety under Hepliaklqana
  8027 | D:7      | Reached skill level 11 in Stealth
  8555 | D:8      | Found a staircase to the Lair.
  8556 | D:8      | Noticed a rime drake
  8564 | D:8      | HP: 2/57 [wolf (9)]
  8564 | D:8      | Mangled by a wolf

Illustrated notes

Levels and vault maps discovered:
D:1:      dpeg_arrival_water_altar, layout_rooms
D:2:      layout_loops_ring, shapermc_ecumenical_altar_gd
D:3:      layout_rooms, mainiacjoe_overflow_alcove_1
D:4:      layout_basic, zin_purify, enter_ossuary_4, minmay_fountain_box,
          minmay_misc_feat_five
D:5:      layout_basic, bh_walls_and_bars
D:6:      layout_basic, temple_doors_e
D:7:      layout_loops_ring, tgw_sif, gammafunk_ghost_arena, serial_shops, shop,
          grunt_decor_fettered, uniq_joseph
D:8:      layout_basic, mainiacjoe_overflow_brackets,
          lemuel_coloured_pillars_altar, nzn_wu_jian_council_hall,
          hellmonk_lair_entry_icy, minmay_starry_boxes
Temple:   minmay_freezing_vapour_temple

Skill      XL: |  1  2  3  4  5  6  7  8  9 10 |
---------------+-------------------------------+-----
Short Blades   | 3 4 5 7 8 9 |  9.7
Dodging        | 2 3 4 6 7 8 |  8.6
Stealth        | 6 7 8 9 10 11 | 11.5
Fighting       | 3 4 6 7 8 |  8.1
Throwing       | |  2.1

Action                     |  1- 3 |  4- 6 |  7- 9 | 10-12 || total
---------------------------+-------+-------+-------+-------++-------
  Melee: Dagger            |    66 |   323 |   614 |   137 ||  1140
         Punch             |     1 |     1 |     6 |     2 ||    10
    Use: Scroll            |       |     7 |    16 |       ||    23
         Potion            |       |       |     2 |       ||     2
   Stab: Sleeping          |    20 |    13 |    34 |    11 ||    78
         Distracted        |       |     1 |       |       ||     1
 Armour: Robe              |     4 |    70 |    47 |    12 ||   133
  Dodge: Dodged            |    37 |   197 |   238 |    50 ||   522

Table legend: (Time is in decaauts)
 A = Elapsed time spent in this place.
 B = Non-inter-level travel time spent in this place.
 C = Inter-level travel time spent in this place.
 D = Time resting spent in this place.
 E = Time spent auto-exploring this place.
 F = Levels seen in this place.
 G = Mean time per level.
                   A        B        C        D        E       F      G
               +--------+--------+--------+--------+--------+-----+--------+
         Total |   7951 |   7732 |    219 |    722 |   5370 |  10 |  795.1 |
       Dungeon |   7360 |   7142 |    218 |    722 |   5005 |   8 |  920.0 |
        Temple |     42 |     42 |      0 |      0 |     31 |   1 |   42.0 |
       Ossuary |    549 |    549 |      0 |      0 |    334 |   1 |  549.0 |
               +--------+--------+--------+--------+--------+-----+--------+

Top non-repeatable levels by time:
     D:6: 1620 daAuts
     D:5: 1507 daAuts
     D:2: 1009 daAuts
     D:7: 957 daAuts
     D:4: 880 daAuts
     D:1: 774 daAuts
 Ossuary: 549 daAuts
     D:3: 488 daAuts
     D:8: 122 daAuts
  Temple: 42 daAuts
